 Dungeon Crawl Stone Soup version 0.29-a0-359-g541a27f54d (webtiles) character file.

Game seed: 3850681845259757711

9 zeratav the Shooter (level 2, -15/16 HPs)
             Began as a Deep Elf Hunter on Apr 27, 2022.
             Killed by an exploding jackal (23 damage)
             ... ignited by their inner flame
             ... on level 1 of the Dungeon.
             The game lasted 00:00:48 (155 turns).

zeratav the Shooter (Deep Elf Hunter)                Turns: 155, Time: 00:00:48

Health: -15/16     AC:  3    Str:  8    XL:     2   Next: 3%
Magic:  4/4        EV: 12    Int: 13    God:
Gold:   0          SH:  0    Dex: 18    Spells: 1/1 levels left

rFire   . . .      SeeInvis .   a - +1 shortbow {bow}
rCold   . . .      Faith    .   (shield currently unavailable)
rNeg    . . .      Spirit   .   b - +0 leather armour
rPois   .          Reflect  .   (no helmet)
rElec   .          Harm     .   (no cloak)
rCorr   .          Rampage  .   (no gloves)
Will    .....                   (no boots)
Stlth   ++........              (no amulet)
HPRegen 0.05/turn               (no ring)
MPRegen 0.09/turn               (no ring)

@: no status effects
A: no striking features
a: no special abilities


You were on level 1 of the Dungeon.
You visited 1 branch of the dungeon, and saw 1 of its levels.


   Skills:
 - Level 1.5 Fighting
 + Level 6.0 Bows
 - Level 2.4 Dodging
 - Level 1.2 Stealth


You had one spell level left.
You didn't know any spells.
Your spell library was empty.

Inventory:

Hand Weapons
 a - a +1 shortbow (weapon) {bow}
Armour
 b - a +0 leather armour (worn)
Scrolls
 d - a scroll of identify {unknown}
 f - a scroll of teleportation {unknown}
 g - a scroll of holy word {unknown}

Dungeon Overview and Level Annotations

Branches:
Dungeon (1/15)

Altars:

Shops:
D:1

= #.## .##.....>
#..S #........ #
#...####w#......
#.#.....).........
#.#.##....##.###.#
#.......#hh...##
##...#§§g.#......
#......§§##...##.
#.....#@§....... .
#........#######.
##...#.#.#
##.##.#.# #...>#.#
#...##.# #.
#..†##.. #.
#...#### #. #...#
######.####


You could see a gnoll (inner flame), a dart slug (inner flame), 2 jackals and a
ball python.


Message History

You shoot an arrow.
The arrow closely misses the giant cockroach.
The giant cockroach closely misses you.
The giant cockroach bites you but does no damage.
You shoot an arrow. The arrow hits the giant cockroach!
You kill the giant cockroach!
No target in view!
You see here a giant cockroach corpse.
g - a scroll labelled ZONIULAEHU HP[+2]
Your hp is fully restored (12).
Found Iraedesa's Jewellery Shoppe.
No target in view!
Found an escape hatch in the floor.
There is an entrance to Iraedesa's Jewellery Shoppe here.
You can access your shopping list by pressing '$'.
You drop a +0 dagger of freezing {short}.
A giant cockroach comes into view.
Found a stone staircase leading down.
You shoot an arrow. The arrow hits the giant cockroach.
You shoot an arrow. The arrow hits the giant cockroach!
You kill the giant cockroach!
No target in view!
No target in view!
No target in view!
No target in view!
No target in view!
No target in view!
No target in view!
No target in view!
No target in view!
You see here a giant cockroach corpse.
There is a stone staircase leading down here.
A goblin comes into view. It is wielding a +0 club.
You shoot an arrow. The arrow hits the goblin!
You kill the goblin!
No target in view!
No target in view!
No target in view!
No target in view!
Things that are here:
a +0 club {mace}; a goblin corpse A gnoll, a hobgoblin and 2 kobolds come into view.
Found an inky potion.
Found a stone staircase leading down.
The gnoll shouts!
The kobold shouts!
The hobgoblin shouts!
You hear a shout!
You hear a bark!
A jackal comes into view. x2; A rat comes into view.
The kobold moves out of view.
The hobgoblin moves out of view.
You hear an angry hiss.
You hear a bark!
You hear an angry hiss.
You shoot an arrow. The arrow closely misses the kobold.
The jackal barks! x2
A jackal comes into view.
You shoot an arrow. The arrow barely misses the kobold.
The kobold hits you but does no damage.
A rat comes into view.
You shoot an arrow. The arrow hits the kobold!
You kill the kobold!
The jackal misses you.
A jackal comes into view.
You shoot an arrow.
The arrow hits the jackal but does no damage.
The jackal closely misses you. The jackal bites you.
HP[-1]
You take 1 damage, and now have 11/12 hp.
You shoot an arrow. The arrow hits the jackal.
You kill the jackal!
Your Bows skill increases to level 6!
You have reached level 2!
HP[+3] MP[+1]
You now have 16 max hp (+4).
You regained 3 hp, and now have 14/16 hp.
Your mp is fully restored (4).
The hobgoblin attacks as you move away! The hobgoblin barely misses you.
The hobgoblin attacks as you move away! The hobgoblin hits you.
A jackal comes into view.
HP[-4]
You take 4 damage, and now have 10/16 hp.
MASSIVE DAMAGE!! (PAUSE)
The hobgoblin attacks as you move away!
The hobgoblin hits you but does no damage.
A dart slug comes into view.
HP[+1]
The hobgoblin throws a stone.
The stone hits you.
* * * LOW HITPOINT WARNING * * *
HP[-3]
You take 3 damage, and now have 8/16 hp.
Really read
c - a scroll of immolation {!r!r}?
Really read the scroll of immolation?
As you read the scroll of immolation {!r!r}, it crumbles to dust.
The creatures around you are filled with an inner flame!
A ball python comes into view.
Shoot: a) +1 shortbow {bow}
Press: ? - help, Q - select action Shift-Dir - straight line, f - jackal
Aim: a jackal (inner flame, 59% to hit)
You shoot an arrow. The arrow hits the jackal!
The jackal explodes!
The fiery explosion engulfs the hobgoblin!!
The fiery explosion engulfs you!!
Ouch! That really hurt!
You die...

Skill      XL: |  1 |
---------------+----+-----
Bows           | 6 |  6.0
Fighting       | |  1.5
Dodging        | |  2.4
Stealth        | |  1.2

Action                   || total
-------------------------++-------
 Fire: Shortbow          ||    17
  Use: Scroll            ||     1
Armor: Leather armour    ||     4
Dodge: Dodged            ||     5

Levels and vault maps discovered:
D:1:      dpeg_arrival_line_fractal, layout_loops_ring, serial_shops,
          shop_statue, nicolae_shop_window_shopping,
          hellmonk_ecumenical_altar_lost_god, minmay_hexomino_c4

Notes
Turn   | Place    | Note
-------+----------+-------------------------------------------
     0 | D:1      | zeratav the Deep Elf Hunter began the quest for the Orb.
     0 | D:1      | Reached XP level 1. HP: 12/12 MP: 3/3
     0 | D:1      | magus.rc [v1.9.6]
   110 | D:1      | Found Iraedesa's Jewellery Shoppe.
   149 | D:1      | Reached skill level 6 in Bows
   149 | D:1      | Reached XP level 2. HP: 14/16 MP: 4/4
   155 | D:1      | Killed by an exploding jackal... ignited by their inner
                  | flame

Vanquished Creatures
  2 giant cockroaches (D:1)
  2 goblins (D:1)
  A hobgoblin (D:1)
  2 jackals (D:1)
  A bat (D:1)
  A kobold (D:1)
  A rat (D:1)
10 creatures vanquished.

Table legend:
 A = Non-vault XP
 B = Vault XP
 C = Vault XP percentage of total XP
 D = Non-vault monster count
 E = Vault monster count
 F = Vault count percentage of total count
                 A         B        C        D         E       F
            +---------+---------+-------+---------+---------+-------
      Total |      14 |       3 |  17.6 |       8 |       2 |  20.0
            +---------+---------+-------+---------+---------+-------
        D:1 |      14 |       3 |  17.6 |       8 |       2 |  20.0
            +---------+---------+-------+---------+---------+-------

Illustrated notes

Table legend:
 A = Kills in this place as a percentage of kills in entire the game.
 B = Kills by you in this place as a percentage of kills by you in the entire game.
 C = Kills by friends in this place as a percentage of kills by friends in the entire game.
 D = Other kills in this place as a percentage of other kills in the entire game.
 E = Experience gained in this place as a percentage of experience gained in the entire game.
 F = Experience gained in this place divided by the number of levels of this place that you have seen.
                   A       B       C       D       E      F
               +-------+-------+-------+-------+-------+----------------------
         Total | 100.0 | 100.0 |   N/A |   N/A | 100.0 |  17.0
       Dungeon | 100.0 | 100.0 |   N/A |   N/A | 100.0 |  17.0
               +-------+-------+-------+-------+-------+----------------------

Table legend: (Time is in decaauts)
 A = Elapsed time spent in this place.
 B = Non-inter-level travel time spent in this place.
 C = Inter-level travel time spent in this place.
 D = Time resting spent in this place.
 E = Time spent auto-exploring this place.
 F = Levels seen in this place.
 G = Mean time per level.
                   A        B        C        D        E       F      G
               +--------+--------+--------+--------+--------+-----+--------+
         Total |    159 |    159 |      0 |      0 |    118 |   1 |  159.0 |
       Dungeon |    159 |    159 |      0 |      0 |    118 |   1 |  159.0 |
               +--------+--------+--------+--------+--------+-----+--------+

Top non-repeatable levels by time:
     D:1: 159 daAuts
